 Dungeon Crawl Stone Soup version 0.29-a0-582-ge82337ba6a (webtiles) character file.

Game seed: 1206175254409656883

70 zeratav the Cutter (level 4, 0/28 HPs)
             Began as a Kobold Fighter on June 14, 2022.
             Killed by nerve-wracking pain
             ... invoked by an orc priest
              (14 damage)
             ... on level 3 of the Dungeon.
             The game lasted 00:03:19 (3350 turns).

zeratav the Cutter (Kobold Fighter)                 Turns: 3350, Time: 00:03:20

Health: 0/28       AC:  7    Str: 13    XL:     4   Next: 44%
Magic:  4/4        EV: 10    Int:  9    God:
Gold:   145        SH:  6    Dex: 16    Spells: 3/3 levels left

rFire   . . .      SeeInvis +   a - +0 rapier {short}
rCold   . . .      Faith    .   c - +0 buckler
rNeg    . . .      Spirit   .   b - +0 scale mail
rPois   .          Reflect  .   (no helmet)
rElec   .          Harm     .   o - +0 cloak
rCorr   .          Rampage  .   (no gloves)
Will    .....                   (no boots)
Stlth   ++........              (no amulet)
HPRegen 0.09/turn               e - ring of see invisible
MPRegen 0.09/turn               (no ring)

@: no status effects
A: small, no large weapons, nightstalker 3
a: no special abilities


You were on level 3 of the Dungeon.
You visited 1 branch of the dungeon, and saw 3 of its levels.

You collected 145 gold pieces.


Innate Abilities, Weirdness & Mutations

You are small and have problems with some larger weapons.
You are completely attuned to the shadows.


   Skills:
 - Level 3.2 Fighting
 + Level 4.1 Short Blades
 - Level 2.4 Armour
 + Level 3.0 Stealth
 + Level 3.0 Shields


You had 3 spell levels left.
You didn't know any spells.
Your spell library contained the following spells:

 Spells                   Type           Power      Damage    Failure   Level
 Summon Small Mammal      Summ           0%         N/A       95%         1
 Call Canine Familiar     Summ           0%         N/A       100%        3
 Summon Guardian Golem    Hex/Summ       0%         N/A       100%        3

Inventory:

Hand Weapons
 a - a +0 rapier (weapon) {short}
Armour
 b - a +0 scale mail (worn)
 c - a +0 buckler (worn)
 i - a +0 robe
   (You found it on level 3 of the Dungeon)
 o - a +0 cloak (worn)
   (You found it on level 2 of the Dungeon)
Jewellery
 e - a ring of see invisible (left hand)
   (You found it on level 3 of the Dungeon)
Scrolls
 f - a scroll of fear {unknown}
 g - a scroll of magic mapping {unknown}
 h - a scroll of blinking {unknown}
 l - 2 scrolls of teleportation {unknown}
 m - a scroll of poison {unknown}
Potions
 d - 2 potions of might
 j - a potion of mutation {unknown}
 k - a potion of curing {unknown}
 n - a potion of lignification {unknown}
 p - a potion of ambrosia {unknown}

Dungeon Overview and Level Annotations

Branches:
Dungeon (3/15)

Altars:

Shops:
D:1

! #..>...###
####........#####
....#.....#.....#
#...o........##.#######
.o...#o................
o..#.###.......#..#####
...#.#o.....##......###
.. #.#o#..<.######....#
#@#..<.# #.##.#
#...#....# #.#...
#####...## #.#...
......### ##....#
###......## ##...#.#
####..# #...##.# b#.#
##.###.#....# .#.#
#...#..##.... ...# ..
#####.#...##.....


You could see an orc priest and an orc.


Message History

You closely miss the jackal. You block the jackal's attack.
The jackal barely misses you.
You puncture the jackal!
You kill the jackal!
No target in view!
No target in view!
No target in view!
No target in view!
No target in view!
No target in view!
No target in view!
No target in view!
No target in view!
No target in view!
No target in view!
No target in view!
No target in view!
No target in view!
No target in view!
You see here a jackal corpse.
You see here a jackal corpse.
You see here a hobgoblin skeleton.
You now have 145 gold pieces (gained 11).
i - a +0 robe The helpless bat fails to defend itself.
You impale the bat!!
You kill the bat!
No target in view!
No target in view!
No target in view!
No target in view!
No target in view!
No target in view!
No target in view!
No target in view!
No target in view!
No target in view!
No target in view!
No target in view!
Found an escape hatch in the floor.
No target in view!
p - a silvery potion An orc and an orc priest come into view.
An orc comes into view. It is wielding a +0 dagger.
The orc shouts! x2
The orc moves out of view.
The orc priest shouts!
An orc comes into view. It is wielding a +0 flail.
The orc shouts!
The orc moves out of view.
You hit the orc but do no damage. The orc completely misses you.
You hit the orc. You block the orc's attack.
You hit the orc but do no damage. The orc hits you with a +0 falchion.
The orc hits you but does no damage.
HP[-6]
You take 6 damage, and now have 22/28 hp.
MASSIVE DAMAGE!! (PAUSE)
You hit the orc. You block the orc's attack.
You hit the orc but do no damage. You closely miss the orc.
The orc attacks as you move away! You block the orc's attack.
The orc attacks as you move away! The orc hits you but does no damage.
An orc comes into view. It is wielding a +0 whip.
The orc attacks as you move away! You block the orc's attack.
You hit the orc. The orc hits you with a +0 flail. The orc closely misses you.
HP[-5]
You take 5 damage, and now have 17/28 hp.
You closely miss the orc. The orc misses you.
The orc priest looks satisfied for a moment.
HP[+1]
You closely miss the orc. You block the orc's attack.
The orc barely misses you. The orc attacks as you move away!
The orc barely misses you.
You hit the orc. The orc barely misses you.
You hit the orc but do no damage. You block the orc's attack.
You barely miss the orc. You block the orc's attack.
You hit the orc but do no damage. The orc hits you with a +0 flail.
* * * LOW HITPOINT WARNING * * *
HP[-4]
You take 4 damage, and now have 14/28 hp.
You hit the orc. The orc hits you with a +0 flail.
* * * LOW HITPOINT WARNING * * *
HP[-1]
You take 1 damage, and now have 13/28 hp.
You closely miss the orc. You block the orc's attack.
You hit the orc.
You kill the orc!
Your Stealth skill increases to level 3!
You hit the orc but do no damage. You block the orc's attack.
You hit the orc but do no damage. The orc misses you.
You block the orc's attack.
HP[+1]
You hit the orc. The orc hits you but does no damage.
You hit the orc.
You kill the orc!
You hit the orc priest.
The orc priest invokes the aid of Beogh against you.
Pain shoots through your body!
Ouch! That really hurt!
You die...

Skill      XL: |  1  2  3  4 |
---------------+-------------+-----
Stealth        | 1 2 3 |  3.0
Short Blades   | 3 4 |  4.1
Shields        | 3 |  3.0
Fighting       | |  3.2
Armour         | |  2.4

Action                   |  1- 3 |  4- 6 || total
-------------------------+-------+-------++-------
Melee: Rapier            |    72 |    42 ||   114
 Stab: Sleeping          |    10 |     2 ||    12
Armor: Scale mail        |    18 |    12 ||    30
Dodge: Dodged            |    23 |    14 ||    37
Block: Buckler           |    14 |    17 ||    31

Levels and vault maps discovered:
D:1:      beargit_arrival_diablo_church, layout_basic, serial_shops,
          nicolae_shop_competitors_out_of_business, serial_bayou_pond_c,
          bh_walls_and_bars
D:2:      minmay_diamond_boxcup, layout_loops_corners
D:3:      layout_rooms, serial_co_window_serial, co_window_paths_a,
          co_window_corner_a, co_window_of_opportunity_a, co_window_paths_a,
          co_window_corner_a, co_window_corner_a, co_window_of_opportunity_a,
          co_window_corner_cb, co_window_unsneaky_path_e, co_window_2corner,
          co_window_broadway_a, co_window_broadway_c, glass_columns_a,
          glass_columns_c, hellmonk_ecumenical_altar_pennies_from_heaven

Notes
Turn   | Place    | Note
-------+----------+-------------------------------------------
     0 | D:1      | zeratav the Kobold Fighter began the quest for the Orb.
     0 | D:1      | Reached XP level 1. HP: 14/14 MP: 1/1
     0 | D:1      | magus.rc [v1.9.6]
   616 | D:1      | Reached skill level 1 in Stealth
   642 | D:1      | Reached skill level 3 in Short Blades
   817 | D:1      | Reached XP level 2. HP: 19/19 MP: 2/2
   875 | D:1      | Found Lolenaf's Distillery.
  1591 | D:2      | Reached skill level 2 in Stealth
  1591 | D:2      | Reached XP level 3. HP: 22/23 MP: 3/3
  1620 | D:2      | HP: 5/23 [worm (7)]
  2749 | D:3      | Found a faded altar of an unknown god.
  2765 | D:3      | Reached XP level 4. HP: 28/28 MP: 4/4
  2986 | D:3      | Reached skill level 4 in Short Blades
  3008 | D:3      | Reached skill level 3 in Shields
  3043 | D:3      | You pick up a book of Callings and begin reading...
  3043 | D:3      | You add the spells Summon Small Mammal, Call Canine
                  | Familiar and Summon Guardian Golem to your library.
  3346 | D:3      | Reached skill level 3 in Stealth
  3350 | D:3      | Killed from afar by an orc priest

Vanquished Creatures
  3 adders
  2 worms
  2 orcs (D:3)
  7 ball pythons
  An endoplasm (D:2)
  2 giant cockroaches (D:2)
  2 goblins
  4 hobgoblins
  2 jackals (D:3)
  A quokka (D:2)
  6 bats
  2 frilled lizards (D:3)
  A kobold (D:3)
  A rat (D:1)
36 creatures vanquished.

Table legend:
 A = Non-vault XP
 B = Vault XP
 C = Vault XP percentage of total XP
 D = Non-vault monster count
 E = Vault monster count
 F = Vault count percentage of total count
                 A         B        C        D         E       F
            +---------+---------+-------+---------+---------+-------
      Total |      70 |      30 |  30.0 |      28 |       8 |  22.2
            +---------+---------+-------+---------+---------+-------
        D:1 |      10 |       0 |   0.0 |       7 |       0 |   0.0
        D:2 |       4 |      30 |  88.2 |       3 |       8 |  72.7
        D:3 |      56 |       0 |   0.0 |      18 |       0 |   0.0
            +---------+---------+-------+---------+---------+-------

Illustrated notes

Table legend:
 A = Kills in this place as a percentage of kills in entire the game.
 B = Kills by you in this place as a percentage of kills by you in the entire game.
 C = Kills by friends in this place as a percentage of kills by friends in the entire game.
 D = Other kills in this place as a percentage of other kills in the entire game.
 E = Experience gained in this place as a percentage of experience gained in the entire game.
 F = Experience gained in this place divided by the number of levels of this place that you have seen.
                   A       B       C       D       E      F
               +-------+-------+-------+-------+-------+----------------------
         Total | 100.0 | 100.0 |   N/A |   N/A | 100.0 |  33.3
       Dungeon | 100.0 | 100.0 |   N/A |   N/A | 100.0 |  33.3
               +-------+-------+-------+-------+-------+----------------------

Table legend: (Time is in decaauts)
 A = Elapsed time spent in this place.
 B = Non-inter-level travel time spent in this place.
 C = Inter-level travel time spent in this place.
 D = Time resting spent in this place.
 E = Time spent auto-exploring this place.
 F = Levels seen in this place.
 G = Mean time per level.
                   A        B        C        D        E       F      G
               +--------+--------+--------+--------+--------+-----+--------+
         Total |   3366 |   3221 |    145 |    243 |   2662 |   3 | 1122.0 |
       Dungeon |   3366 |   3221 |    145 |    243 |   2662 |   3 | 1122.0 |
               +--------+--------+--------+--------+--------+-----+--------+

Top non-repeatable levels by time:
     D:1: 1305 daAuts
     D:2: 1273 daAuts
     D:3: 787 daAuts
